AoeStats
← Semih373

Arena

509766804Analyzed
1v1 RM · 3d ago on Sep 27, 2026· 94m 29s· 2 players
Game mode
Random Map
Map size
Tiny (2 player)
Population
200
Speed
Normal
Resources
Standard
Victory
Conquest
Starting age
Dark Age
Ending age
Imperial Age
RankedLock teamsTeams togetherTeam positionsShared explorationLock speedFull tech treeHidden civsTurbo modeCheats
Victory
Defeat
🇩🇪 Turks · Germany
872
+15
🇷🇴 Cumans · Romania
856
-15
Scottish
8:37 Loom
10:26 Feudal Age
11:18 Double-Bit Axe
11:31 Gold Mining
17:26 Wheelbarrow
21:28 Castle Age
19:56 Stone Mining
21:55 Horse Collar
22:57 Bow Saw
23:43 Wheelbarrow
24:00 Gold Shaft Mining
26:13 Hand Cart
26:28 Padded Archer Armor
26:19 Fletching
27:27 Town Watch
30:38 Imperial Age
28:49 Ballistics
28:28 Bodkin Arrow
29:49 Leather Archer Armor
29:06 Elite Skirmisher
29:19 Pikeman
31:04 Scale Mail Armor
31:20 Thumb Ring
32:42 Two-Man Saw
32:28 Steppe Husbandry
34:04 Conscription
34:29 Parthian Tactics
34:42 Heavy Plow
35:42 Ring Archer Armor
36:26 Masonry
36:14 Murder Holes
37:00 Scale Barding Armor
37:26 Town Patrol
36:53 Heavy Cavalry Archer
39:19 Hoardings
39:46 Chemistry
38:11 Capped Ram
39:24 Cavalier
40:17 Bloodlines
40:57 Chain Barding Armor
40:48 Forging
40:54 Chain Mail Armor
42:15 Light Cavalry
42:21 Halberdier
43:01 Squires
42:47 Arson
44:38 Man-at-Arms
45:53 Plate Mail Armor
45:58 Iron Casting
44:56 Hussar
48:46 Plate Barding Armor
51:42 Blast Furnace
Semih373
12:09 Feudal Age
13:29 Double-Bit Axe
20:12 Castle Age
18:05 Horse Collar
18:18 Gold Mining
26:06 Imperial Age
25:59 Wheelbarrow
29:22 Fletching
31:17 Hand Cart
31:23 Stone Mining
32:55 Ballistics
33:17 Bow Saw
33:12 Heavy Plow
33:31 Forging
34:25 Bloodlines
35:22 Husbandry
35:29 Scale Barding Armor
37:27 Bodkin Arrow
38:53 Gold Shaft Mining
38:45 Chain Barding Armor
39:27 Bombard Tower
40:03 Bracer
40:28 Treadmill Crane
44:07 Iron Casting
43:06 Heavy Camel Rider
44:30 Conscription
46:17 Blast Furnace
45:47 Murder Holes
45:41 Arrowslits
46:17 Artillery
51:51 Hoardings
55:15 Padded Archer Armor
55:50 Plate Barding Armor
58:12 Guilds
58:23 Leather Archer Armor
61:23 Ring Archer Armor
60:47 Guard Tower
61:08 Masonry
64:35 Scale Mail Armor
71:05 Architecture
71:11 Keep
70:47 Fortified Wall
75:51 Heated Shot
81:51 Elite Janissary
85:29 Chain Mail Armor
Connection lost

Rejoining the realm…

Still unreachable

The connection could not be restored.

Session expired

The server has moved on; the page needs a fresh start.